 Dungeon Crawl Stone Soup version 0.28-a0-751-gef3a642a4e (webtiles) character file.

Game seed: 4592042587997069076

266 flotson the Sneak (level 6, -5/48 HPs)
             Began as a Demonspawn Delver on Oct 30, 2021.
             Slain by Grinder (9 damage)
             ... on level 3 of the Dungeon.
             The game lasted 00:06:32 (3342 turns).

flotson the Sneak (Demonspawn Delver)               Turns: 3342, Time: 00:06:33

Health: -5/48      AC:  7    Str: 15    XL:     6   Next: 0%
Magic:  6/6        EV: 12    Int: 11    God:
Gold:   88         SH:  5    Dex: 14    Spells: 5/5 levels left

rFire   . . .      SeeInvis .   u - +4 quarterstaff (chaos)
rCold   . . .      Faith    .   (shield currently unavailable)
rNeg    . . .      Spirit   .   h - +0 leather armour
rPois   .          Reflect  +   (no helmet)
rElec   .          Harm     .   t - +0 cloak
rCorr   .          Rampage  .   (no gloves)
Will    .....                   i - +0 pair of boots
Stlth   ++........              p - amulet of reflection
HPRegen 0.16/turn               (no ring)
MPRegen 0.20/turn               (no ring)

@: hasted, very quick
A: foul stench 1, magic regeneration, sharp scales 2
a: no special abilities


You were on level 3 of the Dungeon.
You visited 1 branch of the dungeon, and saw 5 of its levels.

You collected 88 gold pieces.

Inventory:

Hand Weapons
 a - a +3 dagger
 q - a +0 hand axe
 u - a +4 quarterstaff of chaos (weapon)
Missiles
 j - 5 poisoned darts (quivered)
Armour
 h - a +0 leather armour (worn)
 i - a +0 pair of boots (worn)
 t - a +0 cloak (worn)
Jewellery
 d - a ring of fire
 p - an amulet of reflection (around neck)
 r - a ring of magical power
Wands
 g - a wand of digging (3)
Scrolls
 c - 2 scrolls of fog
 l - a scroll of noise {unknown}
 m - 2 scrolls of identify {unknown}
 n - 2 scrolls of teleportation {unknown}
 o - 2 scrolls of amnesia {unknown}
 s - a scroll of enchant weapon {unknown}
Potions
 b - 2 potions of heal wounds {unknown}
 e - a potion of invisibility {unknown}
 f - 2 potions of haste
 k - a potion of flight {unknown}


   Skills:
 + Level 4.2 Fighting
 - Level 1.7 Axes
 + Level 2.1 Throwing
 + Level 2.5 Armour
 + Level 3.3 Dodging
 - Level 4.5 Stealth


You had 5 spell levels left.
You didn't know any spells.
Your spell library contained the following spells:

 Spells                   Type           Power      Damage    Failure   Level
 Animate Skeleton         Necr           0%         N/A       41%         1
 Apportation              Tloc           0%         N/A       41%         1
 Summon Small Mammal      Summ           0%         N/A       41%         1
 Airstrike                Air            0%         N/A       99%         4
 Summon Lightning Spire   Summ/Air       0%         N/A       99%         4
 Lightning Bolt           Conj/Air       0%         1d11      100%        5


Dungeon Overview and Level Annotations

Branches:
Dungeon (5/15)
 Temple: D:4-7

Altars:

Shops:
D:1 ([[

Annotations:
D:3 2 transporters, Grinder; bande's ghost, amateur GrFi


Innate Abilities, Weirdness & Mutations

You may rarely emit foul miasma when damaged in melee.
You regenerate magic rapidly.
You are mostly covered in razor-sharp scales. (AC +2, Slay +2)


Message History

Grinder shouts!
Grinder blinks!
Grinder blinks!
Grinder closely misses you.
A frilled lizard comes into view.
The frilled lizard hisses angrily.
You hit Grinder.
Grinder flickers and vanishes!
Deactivating autopickup; reactivate with Ctrl-A.
Something hits you.
You writhe in agony.
You suddenly lose the ability to move!
The frilled lizard bites you but does no damage.
Something hits you but does no damage. The frilled lizard bites you.
Something completely misses you.
The frilled lizard bites you but does no damage.
You can move again.
You sock the frilled lizard!
You feel better.
You kill the frilled lizard!
Something hits you.
You writhe in agony.
Unknown command.
Something hits you.
You see here a frilled lizard corpse.
You barely miss something. Something hits you but does no damage.
You sock something! Something hits you.
You writhe in agony.
You hit something. You burn something. Something hits you.
* * * LOW HITPOINT WARNING * * *
You writhe in agony.
* * * LOW HITPOINT WARNING * * *
Something tries to affect you, but you resist.
You closely miss something. You block something's attack.
You hit something.
You suddenly lose the ability to move!
Something hits you.
* * * LOW HITPOINT WARNING * * *
Pain shoots through your body!
* * * LOW HITPOINT WARNING * * *
Something hits you but does no damage. x2
You can move again.
You feel yourself speed up.
You shrug off the repeated paralysis!
You miss something. Something hits you but does no damage.
You barely miss something. Something hits you!
You die...

######### ######
#.......########....##
#.....................
#....{..######...###..
#@# #...### ##.
####.######.### #.
#.........#.#### ##
#..............# ##
#..............## ##.
#############...###..
##......# ##.#....
#...##.


There were no monsters in sight!

Vanquished Creatures
  An ogre (D:3)
  A phantom (D:1)
  Crazy Yiuf (D:2)
  An adder (D:3)
  A worm (D:3)
  4 dart slugs
  2 orcs
  10 endoplasms
  3 giant cockroaches
  3 goblins
  3 hobgoblins (D:2)
  6 quokkas
  5 ball pythons
  8 bats
  4 frilled lizards
  6 kobolds
  4 rats
63 creatures vanquished.

Notes
Turn   | Place    | Note
-------+----------+-------------------------------------------
     0 | D:5      | flotson the Demonspawn Delver began the quest for the Orb.
     0 | D:5      | Reached XP level 1. HP: 18/18 MP: 1/1
    23 | D:5      | Noticed an ogre
    89 | D:4      | Noticed a hound
   413 | D:3      | Gained mutation: You may rarely emit foul miasma when
                  | damaged in melee. [demonic ancestry]
   413 | D:3      | Reached XP level 2. HP: 24/24 MP: 2/2
   746 | D:3      | Reached skill level 1 in Armour
   773 | D:3      | Noticed an ogre
   938 | D:3      | Found a transporter.
   945 | D:3      | Noticed bande's ghost (amateur GrFi)
  1039 | D:3      | Gained mutation: You are partially covered in razor-sharp
                  | scales. (AC +1, Slay +1) [demonic ancestry]
  1039 | D:3      | Reached XP level 3. HP: 29/29 MP: 3/3
  1193 | D:1      | Found Xiddirunn's Weapon Shoppe.
  1199 | D:1      | Found Tuysees's Armour Boutique.
  1281 | D:1      | Found Ganoic's Antique Armour Shoppe.
  1452 | D:1      | Found a faded altar of an unknown god.
  2113 | D:2      | Noticed a phantom
  2117 | D:2      | Reached XP level 4. HP: 36/36 MP: 4/4
  2317 | D:2      | Found a runed translucent door.
  2318 | D:2      | Noticed Crazy Yiuf
  2506 | D:2      | Reached skill level 1 in Throwing
  2698 | D:2      | Killed Crazy Yiuf
  2956 | D:1      | Killed a phantom
  2957 | D:1      | Gained mutation: You regenerate magic rapidly. [demonic
                  | ancestry]
  2957 | D:1      | Reached XP level 5. HP: 32/42 MP: 5/5
  3112 | D:3      | Found a transporter.
  3242 | D:3      | Killed an ogre
  3247 | D:3      | Gained mutation: You are mostly covered in razor-sharp
                  | scales. (AC +2, Slay +2) [demonic ancestry]
  3247 | D:3      | Reached XP level 6. HP: 42/48 MP: 6/6
  3319 | D:3      | Noticed Grinder
  3326 | D:3      | Paralysed by something for 3 turns
  3335 | D:3      | Paralysed by something for 5 turns
  3342 | D:3      | Slain by Grinder

Illustrated notes

Levels and vault maps discovered:
D:1:      dpeg_arrival_fog, layout_loops_cross, serial_shops,
          nicolae_shop_waterfront, shop, shop, basic_ecumenical_altar
D:2:      minmay_spotlight, layout_rooms, uniq_crazy_yiuf_cottage
D:3:      layout_rooms, gammafunk_ghost_arena, uniq_grinder
D:4:      lemuel_castle_with_subvaults [lemuel_castle_interior_carwin_2],
          layout_basic, zin_purify, minmay_temple_entry_mist, serial_forest,
          infiniplex_forest_diagonal, infiniplex_forest_clump_diagonal,
          infiniplex_forest_clump_tiny, infiniplex_forest_lined_2,
          infiniplex_forest_lined_room_2, infiniplex_forest_split
D:5:      layout_loops_ring, uniq_eustachio, uniq_blork_the_orc

Skill      XL: |  1  2  3  4  5 |
---------------+----------------+-----
Dodging        | 2 3 |  3.3
Armour         | 1 2 |  2.5
Throwing       | 1 2 |  2.1
Fighting       | 4 |  4.2
Axes           | |  1.7
Stealth        | |  4.5

Action                   |  1- 3 |  4- 6 || total
-------------------------+-------+-------++-------
Melee: Long sword        |    92 |       ||    92
       Dagger            |    32 |    19 ||    51
       Quarterstaff      |       |    27 ||    27
Throw: Dart              |       |     6 ||     6
  Use: Scroll            |     2 |       ||     2
       Potion            |       |     1 ||     1
 Stab: Sleeping          |    10 |     2 ||    12
Armor: Leather armour    |    48 |    21 ||    69
Dodge: Dodged            |   104 |    32 ||   136
Block: Other             |     7 |    10 ||    17

Table legend: (Time is in decaauts)
 A = Elapsed time spent in this place.
 B = Non-inter-level travel time spent in this place.
 C = Inter-level travel time spent in this place.
 D = Time resting spent in this place.
 E = Time spent auto-exploring this place.
 F = Levels seen in this place.
 G = Mean time per level.
                   A        B        C        D        E       F      G
               +--------+--------+--------+--------+--------+-----+--------+
         Total |   3386 |   3320 |     66 |    289 |   2282 |   5 |  677.2 |
       Dungeon |   3386 |   3320 |     66 |    289 |   2282 |   5 |  677.2 |
               +--------+--------+--------+--------+--------+-----+--------+

Top non-repeatable levels by time:
     D:2: 1068 daAuts
     D:3: 1013 daAuts
     D:1: 892 daAuts
     D:4: 356 daAuts
     D:5: 55 daAuts
